 Dungeon Crawl Stone Soup version 0.28-b1-70-g80dc712255 (webtiles) character file.

Game seed: 18172446884367211214

250 pkoi the Conjurer (level 5, -6/41 HPs)
             Began as a Draconian Conjurer on Feb 3, 2022.
             Mangled by an iguana (10 damage)
             ... on level 3 of the Dungeon.
             The game lasted 00:04:13 (4200 turns).

pkoi the Conjurer (Draconian Conjurer)              Turns: 4200, Time: 00:04:13

Health: -6/41      AC:  6    Str: 10    XL:     5   Next: 88%
Magic:  3/8        EV: 12    Int: 20    God:
Gold:   164        SH:  0    Dex:  9    Spells: 1/8 levels left

rFire   . . .      SeeInvis .   a - +2 whip (pain)
rCold   . . .      Faith    .   (no shield)
rNeg    . . .      Spirit   .   (armour unavailable)
rPois   .          Reflect  .   (helmet restricted)
rElec   .          Harm     .   i - +0 cloak
rCorr   .          Rampage  .   (no gloves)
Will    .....                   (no boots)
Stlth   ++........              (no amulet)
HPRegen 0.13/turn               (no ring)
MPRegen 0.11/turn               (no ring)

@: no status effects
A: AC +5, unfitting armour, cold-blooded
a: no special abilities


You were on level 3 of the Dungeon.
You visited 1 branch of the dungeon, and saw 4 of its levels.

You collected 164 gold pieces.

Inventory:

Hand Weapons
 a - a +2 whip of pain (weapon)
Armour
 i - a +0 cloak (worn)
Jewellery
 g - a +6 ring of strength
Scrolls
 b - a scroll of magic mapping {unknown}
 d - 2 scrolls of amnesia
 f - a scroll of identify
Potions
 c - a potion of cancellation
 e - a potion of attraction {unknown}
 h - a potion of haste {unknown}
 j - a potion of heal wounds {unknown}
 k - 2 potions of degeneration {unknown}
 l - a potion of lignification {unknown}
 m - a potion of mutation {unknown}


   Skills:
 + Level 1.9 Fighting
 + Level 2.4 Dodging
 - Level 1.7 Stealth
 + Level 2.3 Spellcasting
 * Level 6.2 Conjurations
 + Level 1.1 Translocations


You had one spell level left.
You knew the following spells:

 Your Spells              Type           Power      Damage    Failure   Level
a - Magic Dart            Conj           100%       1d8       1%          1
b - Searing Ray           Conj           54%        2d6       1%          2
c - Iskenderun's Mystic   Conj/Tloc      17%        2d5       32%         4

Your spell library contained the following spells:

 Spells                   Type           Power      Damage    Failure   Level
 Summon Small Mammal      Summ           8%         N/A       16%         1
 Dazzling Flash           Conj/Hex       28%        N/A       13%         3
 Gell's Gravitas          Tloc           7%         N/A       28%         3
 Teleport Other           Tloc           7%         N/A       28%         3
 Fulminant Prism          Conj/Hex       7%         3d7       38%         4
 Call Canine Familiar     Summ           2%         N/A       43%         3
 Summon Guardian Golem    Hex/Summ       2%         N/A       43%         3
 Dispersal                Tloc           3%         N/A       100%        6


Dungeon Overview and Level Annotations

Branches:
Dungeon (4/15)
 Temple: D:4-7

Altars:

Shops:
D:3 [


Innate Abilities, Weirdness & Mutations

Your plain brown scales are hard. (AC +5)
You cannot fit into any form of body armour.
You are cold-blooded and may be slowed by cold attacks.


Message History

The iguana closely misses you.
The searing ray hits the iguana.
The iguana is lightly wounded.
You finish channelling your searing ray.
The iguana closely misses you.
You hit the iguana but do no damage.
Your tail-slap misses the iguana.
The iguana is lightly wounded.
The iguana bites you!
You closely miss the iguana.
The iguana is lightly wounded.
The iguana misses you.
You closely miss the iguana.
The iguana is lightly wounded.
The iguana bites you!
You closely miss the iguana.
The iguana is lightly wounded.
The iguana misses you. The iguana bites you.
You climb upwards.
There is a stone staircase leading down here.
Aiming: Magic Dart (safe; 1% risk of failure)
Press: ? - help, Q - select action, (/) - cycle Shift-Dir - straight line, f - iguana
Aim: an iguana (lightly wounded, 100% to hit)
The magic dart hits the iguana but does no damage.
The iguana is lightly wounded.
The iguana closely misses you.
Aiming: Magic Dart (safe; 1% risk of failure)
Press: ? - help, Q - select action, (/) - cycle Shift-Dir - straight line, f/p - iguana
Aim: an iguana (lightly wounded, 100% to hit)
The magic dart hits the iguana.
The iguana is heavily wounded.
The iguana bites you!
* * * LOW HITPOINT WARNING * * *
The iguana bites you!
* * * LOW HITPOINT WARNING * * *
Okay, then.
Okay, then.
Unknown command.
The iguana bites you!
You die...

### #.# #.# #####.# #.....# ###
#...#.# ######
..###########.#.############....#
#.#....................##.......#
...............l@.......'........
#'#.#########...##...#.##.......#
'∩'.# #..........########..
#'#.##########..####..## #####'
#.#.............#..<..# #.....
#.############..#.#.).# #.....
#............##.#.#...# #.....
############........#.# #...##
.......#........#.###.# #...##


You could see an iguana.

Vanquished Creatures
  A necrophage (D:4)
  Jessica (D:3)
  An iguana (D:3)
  Natasha (D:3)
  A howler monkey zombie (D:3)
  Robin (D:3)
  An adder (D:3)
  2 dart slugs
  4 endoplasms
  3 giant cockroaches
  8 goblins
  8 hobgoblins
  4 quokkas
  5 ball pythons
  6 bats
  4 frilled lizards
  2 kobolds
  A rat (D:2)
54 creatures vanquished.

Notes
Turn   | Place    | Note
-------+----------+-------------------------------------------
     0 | D:1      | pkoi the Draconian Conjurer began the quest for the Orb.
     0 | D:1      | Reached XP level 1. HP: 14/14 MP: 3/3
   465 | D:1      | Found a faded altar of an unknown god.
   621 | D:1      | Reached XP level 2. HP: 20/20 MP: 3/5
  1761 | D:2      | Reached skill level 5 in Conjurations
  1974 | D:2      | Reached XP level 3. HP: 26/26 MP: 3/6
  2025 | D:2      | Learned a level 2 spell: Searing Ray
  2361 | D:3      | Noticed Jessica
  2365 | D:3      | Killed Jessica
  2556 | D:3      | Reached XP level 4. HP: 23/33 MP: 2/7
  2719 | D:3      | Noticed Natasha
  2721 | D:3      | Killed Natasha
  2963 | D:3      | Noticed Robin
  2977 | D:3      | Killed Robin
  2978 | D:3      | Reached skill level 1 in Fighting
  3207 | D:3      | Learned a level 4 spell: Iskenderun's Mystic Blast
  3572 | D:3      | Found Camotix's Armour Shop.
  3863 | D:3      | Reached skill level 6 in Conjurations
  3863 | D:3      | Reached XP level 5. HP: 37/40 MP: 0/8
  4008 | D:4      | Noticed an ogre
  4093 | D:4      | Noticed a necrophage
  4107 | D:4      | Killed a necrophage
  4108 | D:4      | Reached skill level 1 in Translocations
  4181 | D:3      | HP: 2/41 [iguana (9)]
  4200 | D:3      | Mangled by an iguana

Illustrated notes

Levels and vault maps discovered:
D:1:      roderic_crossed_star, layout_basic, chequers_ecumenical_altar_simple,
          serial_bayou_pond_d
D:2:      layout_basic
D:3:      layout_basic, serial_shops, nicolae_shop_behind_doors,
          wander_ebering_terrifying_dragon_lair, uniq_jessica, uniq_natasha,
          uniq_robin
D:4:      layout_cave_pools, hellmonk_ghost_happy_afterlife, roderic_lattice_a

Skill      XL: |  1  2  3  4  5 |
---------------+----------------+-----
Conjurations   | 5 6 |  6.2
Dodging        | 2 |  2.4
Fighting       | 1 |  1.9
Translocations | 1 |  1.1
Stealth        | |  1.7
Spellcasting   | |  2.3

Action                   |  1- 3 |  4- 6 || total
-------------------------+-------+-------++-------
Melee: Whip              |    19 |    36 ||    55
       Tailslap          |     5 |     6 ||    11
       Unarmed           |     3 |       ||     3
 Cast: Magic Dart        |    59 |    36 ||    95
       Searing Ray       |       |     3 ||     3
  Use: Scroll            |     6 |       ||     6
       Potion            |     3 |       ||     3
Armor: Skin              |     9 |    16 ||    25
Dodge: Dodged            |    18 |    31 ||    49
